WCHLSIM.com - West Coast Hockey League
html PUBLIC "-//W3C//DTD XHTML 1.0 Transitional//EN" "http://www.w3.org/TR/xhtml1/DTD/xhtml1-transitional.dtd"> WCHL - Game 187 - SAN FRANCISCO SPIDERS vs TEXAS TOROS

SAN FRANCISCO SPIDERS vs TEXAS TOROS

Created - 9 novembre 2021 at 20:22

Goals
1 2 3 T
SAN FRANCISCO SPIDERS 1 0 2 3
TEXAS TOROS 1 0 0 1
Shots
1 2 3 T
SAN FRANCISCO SPIDERS 9 4 16 29
TEXAS TOROS 1 2 2 5

1st period

1. SAN FRANCISCO SPIDERS , Kirby Dach 1 (Jason Spezza 5) at 12:04
2. TEXAS TOROS , Eetu Luostarinen 1 (Jason Zucker 2) at 12:15 (PP)

Penalties :
Shea Weber (SAF) for Holding Stick (Minor) at 0:15, Vince Dunn (TEX) for Tripping (Minor) at 1:45, Shea Weber (SAF) for Interference (Minor) at 5:37, Sean Walker (SAF) for Hooking (Minor) at 12:09, Michael Anderson (SAF) for Holding (Minor) at 13:13, Calle Jarnkrok (SAF) for Diving (Minor) at 16:58, Jason Zucker (TEX) for Boarding (Minor) at 19:11

2nd period

No Goal

Penalties :
Tyler Myers (SAF) for High sticking (Minor) at 15:57

3rd period

3. SAN FRANCISCO SPIDERS , Eeli Tolvanen 2 (Calle Jarnkrok 3, Mason Marchment 2) at 4:37
4. SAN FRANCISCO SPIDERS , Kirby Dach 2 (Alexander Kerfoot 3, Shea Weber 1) at 13:27

Penalties :
Samuel Asselin (TEX) for Holding (Minor) at 2:10, Jake Virtanen (TEX) for Interference (Minor) at 13:36

Goalie Stats

Igor Shesterkin (SAF), 4 saves from 5 shots - (0,800), W, 4-5-0, 60:00 minutes
Mikko Koskinen (TEX), 26 saves from 29 shots - (0,897), L, 3-8-0, 60:00 minutes

Players Stats for SAN FRANCISCO SPIDERS

Player Name              G  A  P  +/- PIM S  H  SB GA TA FO     MP     PP MP  PK MP  
------------------------------------------------------------------------------------
Alexander Kerfoot        0  1  1   2  0   0  1  0  0  0  0/0    15:37   0:00   5:21 
Andrei Svechnikov        0  0  0   0  0   7  1  0  0  0  1/2    16:54   3:29   0:03 
Bo Horvat                0  0  0   0  0   3  1  0  0  0  7/13   17:18   3:29   0:27 
Calle Jarnkrok           0  1  1   1  2   1  0  0  0  0  7/17   20:26   3:58   3:20 
Danton Heinen            0  0  0   0  0   0  0  0  0  0  0/0     6:14   0:00   0:00 
Darnell Nurse            0  0  0   1  0   2  1  1  0  0  0/0    25:51   3:58   4:36 
Eeli Tolvanen            1  0  1   1  0   3  1  0  0  0  0/0    13:02   0:00   0:00 
Jason Spezza             0  1  1   2  0   1  0  0  0  0  10/15  14:14   3:58   0:00 
Jordan Oesterle          0  0  0   2  0   0  0  0  0  0  0/0    10:40   0:00   0:16 
Kirby Dach               2  0  2   2  0   3  0  0  0  0  4/7    16:04   0:00   5:48 
Mason Marchment          0  1  1   1  0   2  4  0  0  0  0/3    13:02   0:00   0:00 
Michael Anderson         0  0  0   0  2   0  0  1  0  0  0/0    22:45   3:29   3:57 
Milan Lucic              0  0  0   0  0   1  4  0  0  0  0/0    10:12   3:58   0:00 
Nico Sturm               0  0  0   0  0   2  0  0  0  0  2/5     6:14   0:00   0:00 
Sean Walker              0  0  0   2  2   1  0  0  0  0  0/0    16:24   0:00   4:28 
Shea Weber               0  1  1   1  4   1  1  2  0  0  0/0    21:20   3:58   1:40 
Tyler Myers              0  0  0   0  2   0  0  2  0  0  0/0    22:55   3:29   4:07 
Viktor Arvidsson         0  0  0   0  0   2  1  0  0  0  0/9    20:41   3:29   4:05 

Players Stats for TEXAS TOROS

Player Name              G  A  P  +/- PIM S  H  SB GA TA FO     MP     PP MP  PK MP  
------------------------------------------------------------------------------------
Connor Bunnaman          0  0  0   0  0   1  0  0  0  0  17/23  16:39   4:53   0:00 
Dante Fabbro             0  0  0  -1  0   0  1  1  0  0  0/0    22:11   4:11   3:29 
Dylan McLaughlin         0  0  0   0  0   0  0  0  0  0  3/7     8:14   0:00   0:00 
Eetu Luostarinen         1  0  1  -1  0   1  1  0  0  0  9/17   19:04   3:57   2:48 
Gabriel Carlsson         0  0  0  -1  0   0  2  2  0  0  0/0    22:11   4:11   3:29 
Jake Virtanen            0  0  0   0  2   0  3  0  0  0  1/1    15:49   4:53   0:00 
Jason Zucker             0  1  1  -1  2   1  0  0  0  0  3/7    19:10   3:57   2:40 
Johnathan Kovacevic      0  0  0  -2  0   0  4  0  0  0  0/0    14:38   0:00   0:54 
Jonas Rondbjerg          0  0  0   0  0   0  1  0  0  0  0/0     8:14   0:00   0:00 
Madison Bowey            0  0  0  -2  0   0  1  0  0  0  0/0    14:33   0:42   0:00 
Miles Wood               0  0  0   0  0   1  0  0  0  0  0/0    21:33   5:35   4:39 
Ryan Poehling            0  0  0  -2  0   0  0  0  0  0  4/8    11:09   0:00   0:00 
Samuel Asselin           0  0  0   0  2   0  0  0  0  0  1/1     8:55   0:42   0:00 
Taro Hirose              0  0  0  -2  0   0  0  1  0  0  0/1    11:02   0:42   0:00 
Taylor Raddysh           0  0  0  -2  0   0  3  0  0  0  2/3    13:08   0:00   1:59 
Tyson Barrie             0  0  0   0  0   1  0  2  0  0  0/0    24:05   5:21   3:58 
Vince Dunn               0  0  0   0  2   0  1  2  0  0  0/0    22:21   4:38   3:04 
Wade Allison             0  0  0  -1  0   0  3  0  0  0  0/3    19:04   3:57   2:48 

3 Stars

1 - Kirby Dach (SAF)
2 - Eeli Tolvanen (SAF)
3 - Mason Marchment (SAF)

Power Play

SAN FRANCISCO SPIDERS - 0 on 4 Attempt(s) - 0,00%
TEXAS TOROS - 1 on 6 Attempt(s) - 16,67%

Penalty Kill

SAN FRANCISCO SPIDERS - 5 on 6 Attempt(s) - 83,33% - Score 0 goal in Penalty Kill
TEXAS TOROS - 4 on 4 Attempt(s) - 100,00% - Score 0 goal in Penalty Kill

Team Stat

SAN FRANCISCO SPIDERS - Hits : 15 - Faceoff Wins : 31 - Blocked Shots : 6 - Penalty Minutes : 12
TEXAS TOROS - Hits : 20 - Faceoff Wins : 40 - Blocked Shots : 8 - Penalty Minutes : 8

Official

Referees : Brandon Schrader and Eric Furlatt
Linesman : Mark Shewchyk and Steven Berry

Game Notes

No Game Note

Finance

Level 1 -- Attendance: 5447 (83,80%) -- Ticket Income 925 990 $
Level 2 -- Attendance: 4045 (73,55%) -- Ticket Income 485 400 $
Level 3 -- Attendance: 1953 (65,10%) -- Ticket Income 175 770 $
Level 4 -- Attendance: 4657 (93,14%) -- Ticket Income 279 420 $
Luxury Box -- Attendance: 632 (63,20%) -- Ticket Income 252 800 $
Game was played at the Red Bull Arena.
Total Attendance: 16734 (79,69%)
Total Ticket Income: 2 119 380 $
Other Expense: 21 194 $
Total Income: 2 098 186 $

SAN FRANCISCO SPIDERS

5 vs 5 Forward 
   Center                   Left Wing                Right Wing               Time % Phy DF OF 
 1 Bo Horvat                Andrei Svechnikov        Viktor Arvidsson         32     0   1  4  
 2 Calle Jarnkrok           Eeli Tolvanen            Mason Marchment          31     0   2  3  
 3 Jason Spezza             Alexander Kerfoot        Kirby Dach               25     0   3  2  
 4 Nico Sturm               Milan Lucic              Danton Heinen            12     0   4  1  

5 vs 5 Defense 
   Defense                  Defense                                           Time % Phy DF OF 
 1 Darnell Nurse            Shea Weber                                        36     0   2  3  
 2 Tyler Myers              Michael Anderson                                  36     0   2  3  
 3 Sean Walker              Jordan Oesterle                                   15     0   4  1  
 4 Sean Walker              Darnell Nurse                                     13     1   2  2  

PowerPlay Forward 
   Center                   Left Wing                Right Wing               Time % Phy DF OF 
 1 Bo Horvat                Andrei Svechnikov        Viktor Arvidsson         50     0   0  5  
 2 Calle Jarnkrok           Milan Lucic              Jason Spezza             50     0   0  5  

PowerPlay Defense
   Defense                  Defense                                           Time % Phy DF OF 
 1 Darnell Nurse            Shea Weber                                        50     0   2  3  
 2 Tyler Myers              Michael Anderson                                  50     0   2  3  

Penalty Kill 4 Players Forward 
   Center                   Wing                     Time % Phy DF OF 
 1 Kirby Dach               Alexander Kerfoot        50     0   5  0  
 2 Viktor Arvidsson         Calle Jarnkrok           50     0   5  0  

Penalty Kill 4 Players Defense
   Defense                  Defense                  Time % Phy DF OF 
 1 Darnell Nurse            Sean Walker              50     0   5  0  
 2 Tyler Myers              Michael Anderson         50     0   5  0  

Penalty Kill - 3 Players Forward 
   Forward                                           Time % Phy DF OF 
 1 Bo Horvat                                         55     1   2  2  
 2 Andrei Svechnikov                                 45     1   2  2  

Penalty Kill - 3 Players Defense
   Defense                  Defense                  Time % Phy DF OF 
 1 Darnell Nurse            Shea Weber               55     1   2  2  
 2 Tyler Myers              Michael Anderson         45     1   2  2  

4 vs 4 Forward 
   Center                   Wing                     Time % Phy DF OF 
 1 Bo Horvat                Andrei Svechnikov        55     1   2  2  
 2 Viktor Arvidsson         Calle Jarnkrok           45     1   2  2  

4 vs 4 Defense
   Defense                  Defense                  Time % Phy DF OF 
 1 Darnell Nurse            Shea Weber               55     1   2  2  
 2 Tyler Myers              Michael Anderson         45     1   2  2  

Last Minutes Offensive
   Center                   Left Wing                Right Wing               Defense                  Defense                  
   Bo Horvat                Andrei Svechnikov        Viktor Arvidsson         Darnell Nurse            Shea Weber               

Last Minutes Defensive
   Center                   Left Wing                Right Wing               Defense                  Defense                  
   Bo Horvat                Andrei Svechnikov        Viktor Arvidsson         Darnell Nurse            Shea Weber               

Goaltenders
Starting : Igor Shesterkin          
Backup : Malcolm Subban           

Extra Forwards
Normal : Nico Sturm, Jason Spezza, Kirby Dach - PP : Nico Sturm, Jason Spezza - PK : Kirby Dach
Extra Defensemen
Normal : Sean Walker, Darnell Nurse, Tyler Myers - PP : Sean Walker - PK : Darnell Nurse, Tyler Myers
Penalty Shots
Bo Horvat, Andrei Svechnikov, Viktor Arvidsson, Calle Jarnkrok, Jason Spezza
Custom OT Lines Forwards
Bo Horvat, Andrei Svechnikov, Viktor Arvidsson, Calle Jarnkrok, Jason Spezza, Milan Lucic, Nico Sturm, Kirby Dach, Alexander Kerfoot, Danton Heinen
Custom OT Lines Defensemen
Darnell Nurse, Shea Weber, Tyler Myers, Michael Anderson, Sean Walker

Scratches
None

TEXAS TOROS

5 vs 5 Forward 
   Center                   Left Wing                Right Wing               Time % Phy DF OF 
 1 Eetu Luostarinen         Jason Zucker             Wade Allison             36     1   2  2  
 2 Connor Bunnaman          Miles Wood               Jake Virtanen            31     1   2  2  
 3 Ryan Poehling            Taro Hirose              Taylor Raddysh           23     1   2  2  
 4 Dylan McLaughlin         Samuel Asselin           Jonas Rondbjerg          10     1   2  2  

5 vs 5 Defense 
   Defense                  Defense                                           Time % Phy DF OF 
 1 Tyson Barrie             Vince Dunn                                        36     1   2  2  
 2 Dante Fabbro             Gabriel Carlsson                                  31     1   2  2  
 3 Madison Bowey            Johnathan Kovacevic                               23     1   2  2  
 4 Tyson Barrie             Vince Dunn                                        10     1   2  2  

PowerPlay Forward 
   Center                   Left Wing                Right Wing               Time % Phy DF OF 
 1 Eetu Luostarinen         Jason Zucker             Wade Allison             55     1   2  2  
 2 Connor Bunnaman          Miles Wood               Jake Virtanen            45     1   2  2  

PowerPlay Defense
   Defense                  Defense                                           Time % Phy DF OF 
 1 Tyson Barrie             Vince Dunn                                        55     1   2  2  
 2 Dante Fabbro             Gabriel Carlsson                                  45     1   2  2  

Penalty Kill 4 Players Forward 
   Center                   Wing                     Time % Phy DF OF 
 1 Jason Zucker             Miles Wood               55     1   2  2  
 2 Eetu Luostarinen         Wade Allison             45     1   2  2  

Penalty Kill 4 Players Defense
   Defense                  Defense                  Time % Phy DF OF 
 1 Tyson Barrie             Vince Dunn               55     1   2  2  
 2 Dante Fabbro             Gabriel Carlsson         45     1   2  2  

Penalty Kill - 3 Players Forward 
   Forward                                           Time % Phy DF OF 
 1 Jason Zucker                                      55     1   2  2  
 2 Miles Wood                                        45     1   2  2  

Penalty Kill - 3 Players Defense
   Defense                  Defense                  Time % Phy DF OF 
 1 Tyson Barrie             Vince Dunn               55     1   2  2  
 2 Dante Fabbro             Gabriel Carlsson         45     1   2  2  

4 vs 4 Forward 
   Center                   Wing                     Time % Phy DF OF 
 1 Jason Zucker             Miles Wood               55     1   2  2  
 2 Eetu Luostarinen         Wade Allison             45     1   2  2  

4 vs 4 Defense
   Defense                  Defense                  Time % Phy DF OF 
 1 Tyson Barrie             Vince Dunn               55     1   2  2  
 2 Dante Fabbro             Gabriel Carlsson         45     1   2  2  

Last Minutes Offensive
   Center                   Left Wing                Right Wing               Defense                  Defense                  
   Eetu Luostarinen         Jason Zucker             Wade Allison             Tyson Barrie             Vince Dunn               

Last Minutes Defensive
   Center                   Left Wing                Right Wing               Defense                  Defense                  
   Eetu Luostarinen         Jason Zucker             Wade Allison             Tyson Barrie             Vince Dunn               

Goaltenders
Starting : Mikko Koskinen           
Backup : Jakub Skarek             

Extra Forwards
Normal : Samuel Asselin, Taro Hirose, Taylor Raddysh - PP : Samuel Asselin, Taro Hirose - PK : Taylor Raddysh
Extra Defensemen
Normal : Madison Bowey, Johnathan Kovacevic, Dante Fabbro - PP : Madison Bowey - PK : Johnathan Kovacevic, Dante Fabbro
Penalty Shots
Jason Zucker, Miles Wood, Eetu Luostarinen, Wade Allison, Jake Virtanen
Custom OT Lines Forwards
Jason Zucker, Miles Wood, Eetu Luostarinen, Wade Allison, Jake Virtanen, Taro Hirose, Connor Bunnaman, Taylor Raddysh, Ryan Poehling, Jonas Rondbjerg
Custom OT Lines Defensemen
Tyson Barrie, Vince Dunn, Dante Fabbro, Gabriel Carlsson, Madison Bowey

Scratches
Barrett Hayton (Sore Left Knee Injury), Alex Chiasson (Exhaustion), Nikita Gusev (Right Foot Injury), Nate Schmidt (Exhaustion), Sven Baertschi (Healthy)
Trevor Zegras (Herniated Disc Injury), Thomas Schemitsch (Healthy)

% Time on Ice - SAN FRANCISCO SPIDERS

Lines # - Real PCT - Wanted PCT - Time Play
Normal Forward
1 - 31% - 32% - 13:00
2 - 31% - 31% - 13:02
3 - 24% - 25% - 10:16
4 - 15% - 12% - 6:14
Normal Defense
1 - 37% - 36% - 15:44
2 - 36% - 36% - 15:13
3 - 24% - 15% - 10:24
4 - 3% - 13% - 1:11
PP Forward
1 - 47% - 50% - 3:29
2 - 53% - 50% - 3:58
PP Defense
1 - 53% - 50% - 3:58
2 - 47% - 50% - 3:29
PK Forward
1 - 51% - 50% - 4:49
2 - 49% - 50% - 4:43
PK Defense
1 - 48% - 50% - 4:34
2 - 52% - 50% - 4:58
PK3 Forward
1 - 0% - 55%
2 - 0% - 45%
PK3 Defense
1 - 0% - 55%
2 - 0% - 45%
44 Forward
1 - 76% - 55% - 0:22
2 - 24% - 45% - 0:07
44 Defense
1 - 76% - 55% - 0:22
2 - 24% - 45% - 0:07
Last Minute Offensive  - 0:00
Last Minute Defensive  - 0:00
Total
Forward - 60:00
Defense - 60:00

% Time on Ice - TEXAS TOROS

Lines # - Real PCT - Wanted PCT - Time Play
Normal Forward
1 - 29% - 36% - 12:12
2 - 26% - 31% - 10:57
3 - 26% - 23% - 11:09
4 - 19% - 10% - 8:14
Normal Defense
1 - 34% - 36% - 14:39
2 - 33% - 31% - 14:09
3 - 32% - 23% - 13:44
4 - 0% - 10% - 0:00
PP Forward
1 - 41% - 55% - 3:57
2 - 59% - 45% - 5:35
PP Defense
1 - 56% - 55% - 5:21
2 - 44% - 45% - 4:11
PK Forward
1 - 62% - 55% - 4:39
2 - 38% - 45% - 2:48
PK Defense
1 - 54% - 55% - 4:01
2 - 46% - 45% - 3:26
PK3 Forward
1 - 0% - 55%
2 - 0% - 45%
PK3 Defense
1 - 0% - 55%
2 - 0% - 45%
44 Forward
1 - 76% - 55% - 0:22
2 - 24% - 45% - 0:07
44 Defense
1 - 24% - 55% - 0:07
2 - 76% - 45% - 0:22
Last Minute Offensive  - 0:00
Last Minute Defensive  - 0:00
Total
Forward - 60:00
Defense - 60:00

Play-by-Play

1st period


0:01 of 1st period - Bo Horvat wins face-off versus Eetu Luostarinen in neutral zone.
0:04 of 1st period - Shot by Bo Horvat.
0:04 of 1st period - Deflect By Viktor Arvidsson.
0:04 of 1st period - Shot Misses the Net.
0:10 of 1st period - Shot by Viktor Arvidsson.
0:10 of 1st period - Shot Misses the Net.
0:15 of 1st period - Minor Penalty to Shea Weber for Holding Stick.
0:16 of 1st period - Connor Bunnaman wins face-off versus Kirby Dach in SAN FRANCISCO SPIDERS zone.
1:45 of 1st period - Minor Penalty to Vince Dunn for Tripping.
1:46 of 1st period - Bo Horvat wins face-off versus Jason Zucker in TEXAS TOROS zone.
1:51 of 1st period - Shot by Andrei Svechnikov.
1:51 of 1st period - Shot Misses the Net.
2:03 of 1st period - Shot by Andrei Svechnikov.
2:03 of 1st period - Shot Misses the Net.
2:05 of 1st period - Shot by Bo Horvat.
2:05 of 1st period - Deflect By Andrei Svechnikov.
2:05 of 1st period - Shot Blocked by Gabriel Carlsson.
2:07 of 1st period - Shot by Sean Walker.
2:07 of 1st period - Stopped by Mikko Koskinen without a rebound.
2:08 of 1st period - Eetu Luostarinen wins face-off versus Viktor Arvidsson in TEXAS TOROS zone.
2:13 of 1st period - Shot by Tyson Barrie.
2:13 of 1st period - Shot Misses the Net.
2:25 of 1st period - Tyson Barrie is hit by Milan Lucic and loses puck.
3:01 of 1st period - Icing by Darnell Nurse.
3:02 of 1st period - Calle Jarnkrok wins face-off versus Wade Allison in SAN FRANCISCO SPIDERS zone.
3:25 of 1st period - Shot by Viktor Arvidsson.
3:25 of 1st period - Deflect By Bo Horvat.
3:25 of 1st period - Stopped by Mikko Koskinen without a rebound.
3:26 of 1st period - Bo Horvat wins face-off versus Jason Zucker in TEXAS TOROS zone.
4:03 of 1st period - Shot by Eeli Tolvanen.
4:03 of 1st period - Stopped by Mikko Koskinen without a rebound.
4:04 of 1st period - Nico Sturm wins face-off versus Dylan McLaughlin in TEXAS TOROS zone.
4:25 of 1st period - Shot by Nico Sturm.
4:25 of 1st period - Stopped by Mikko Koskinen without a rebound.
4:26 of 1st period - Connor Bunnaman wins face-off versus Bo Horvat in TEXAS TOROS zone.
4:33 of 1st period - Icing by Darnell Nurse.
4:34 of 1st period - Eetu Luostarinen wins face-off versus Andrei Svechnikov in SAN FRANCISCO SPIDERS zone.
5:06 of 1st period - Wade Allison is hit by Shea Weber.
5:37 of 1st period - Minor Penalty to Shea Weber for Interference.
5:38 of 1st period - Kirby Dach wins face-off versus Connor Bunnaman in SAN FRANCISCO SPIDERS zone.
5:38 of 1st period - Kirby Dach is hit by Jake Virtanen.
8:07 of 1st period - Shot by Danton Heinen.
8:07 of 1st period - Shot Misses the Net.
8:33 of 1st period - Shot by Eetu Luostarinen.
8:33 of 1st period - Shot Misses the Net.
8:47 of 1st period - Eetu Luostarinen is hit by Andrei Svechnikov and loses puck.
8:56 of 1st period - Shot by Viktor Arvidsson.
8:56 of 1st period - Stopped by Mikko Koskinen without a rebound.
8:57 of 1st period - Calle Jarnkrok wins face-off versus Dylan McLaughlin in TEXAS TOROS zone.
10:58 of 1st period - Bo Horvat is hit by Gabriel Carlsson and loses puck.
11:01 of 1st period - Shot by Andrei Svechnikov.
11:01 of 1st period - Shot Misses the Net.
11:03 of 1st period - Shot by Darnell Nurse.
11:03 of 1st period - Deflect By Bo Horvat.
11:03 of 1st period - Shot Blocked by Gabriel Carlsson.
11:05 of 1st period - Shot by Shea Weber.
11:05 of 1st period - Stopped by Mikko Koskinen without a rebound.
11:06 of 1st period - Connor Bunnaman wins face-off versus Nico Sturm in TEXAS TOROS zone.
11:06 of 1st period - Connor Bunnaman is hit by Milan Lucic.
11:17 of 1st period - Danton Heinen is hit by Johnathan Kovacevic and loses puck.
12:00 of 1st period - Shot by Calle Jarnkrok.
12:00 of 1st period - Stopped by Mikko Koskinen without a rebound.
12:01 of 1st period - Jason Spezza wins face-off versus Wade Allison in TEXAS TOROS zone.
12:04 of 1st period - Shot by Kirby Dach.
12:04 of 1st period - Goal by Kirby Dach - SAN FRANCISCO SPIDERS : 1 - TEXAS TOROS : 0.
12:05 of 1st period - Jason Zucker wins face-off versus Calle Jarnkrok in neutral zone.
12:05 of 1st period - Dante Fabbro is hit by Mason Marchment and loses puck.
12:09 of 1st period - Minor Penalty to Sean Walker for Hooking.
12:10 of 1st period - Eetu Luostarinen wins face-off versus Viktor Arvidsson in SAN FRANCISCO SPIDERS zone.
12:13 of 1st period - Shot by Jason Zucker.
12:13 of 1st period - Shot Misses the Net.
12:15 of 1st period - Shot by Eetu Luostarinen.
12:15 of 1st period - Goal by Eetu Luostarinen - SAN FRANCISCO SPIDERS : 1 - TEXAS TOROS : 1.
12:16 of 1st period - Calle Jarnkrok wins face-off versus Eetu Luostarinen in neutral zone.
13:02 of 1st period - Michael Anderson is hit by Eetu Luostarinen and loses puck.
13:10 of 1st period - Icing by Eeli Tolvanen.
13:11 of 1st period - Connor Bunnaman wins face-off versus Calle Jarnkrok in SAN FRANCISCO SPIDERS zone.
13:13 of 1st period - Minor Penalty to Michael Anderson for Holding.
13:14 of 1st period - Kirby Dach wins face-off versus Connor Bunnaman in SAN FRANCISCO SPIDERS zone.
14:07 of 1st period - Off-side.
14:08 of 1st period - Eetu Luostarinen wins face-off versus Viktor Arvidsson in neutral zone.
14:36 of 1st period - Shot by Jason Zucker.
14:36 of 1st period - Shot Blocked by Shea Weber.
14:51 of 1st period - Icing by Tyson Barrie.
14:52 of 1st period - Connor Bunnaman wins face-off versus Viktor Arvidsson in TEXAS TOROS zone.
16:14 of 1st period - Icing by Viktor Arvidsson.
16:15 of 1st period - Eetu Luostarinen wins face-off versus Bo Horvat in SAN FRANCISCO SPIDERS zone.
16:24 of 1st period - Shot by Andrei Svechnikov.
16:24 of 1st period - Deflect By Bo Horvat.
16:24 of 1st period - Stopped by Mikko Koskinen without a rebound.
16:25 of 1st period - Jason Spezza wins face-off versus Connor Bunnaman in TEXAS TOROS zone.
16:47 of 1st period - Icing by Vince Dunn.
16:48 of 1st period - Calle Jarnkrok wins face-off versus Connor Bunnaman in TEXAS TOROS zone.
16:58 of 1st period - Minor Penalty to Calle Jarnkrok for Diving.
16:59 of 1st period - Eetu Luostarinen wins face-off versus Viktor Arvidsson in SAN FRANCISCO SPIDERS zone.
17:53 of 1st period - Icing by Tyson Barrie.
17:54 of 1st period - Connor Bunnaman wins face-off versus Kirby Dach in TEXAS TOROS zone.
18:00 of 1st period - Off-side.
18:01 of 1st period - Connor Bunnaman wins face-off versus Viktor Arvidsson in neutral zone.
18:49 of 1st period - Icing by Vince Dunn.
18:50 of 1st period - Connor Bunnaman wins face-off versus Viktor Arvidsson in TEXAS TOROS zone.
19:10 of 1st period - Eeli Tolvanen is hit by Wade Allison and loses puck.
19:11 of 1st period - Minor Penalty to Jason Zucker for Boarding.
19:12 of 1st period - Taylor Raddysh wins face-off versus Calle Jarnkrok in TEXAS TOROS zone.
19:12 of 1st period - Taylor Raddysh is hit by Milan Lucic.
19:36 of 1st period - Shot by Calle Jarnkrok.
19:36 of 1st period - Shot Misses the Net.
Goals for this period are 1 for SAN FRANCISCO SPIDERS vs 1 for TEXAS TOROS.
Shots for this period are 9 for SAN FRANCISCO SPIDERS vs 1 for TEXAS TOROS.

2nd period


0:01 of 2nd period - Taylor Raddysh wins face-off versus Bo Horvat in neutral zone.
0:29 of 2nd period - Shot by Viktor Arvidsson.
0:29 of 2nd period - Shot Misses the Net.
0:33 of 2nd period - Shot by Andrei Svechnikov.
0:33 of 2nd period - Shot Misses the Net.
2:04 of 2nd period - Shot by Jason Spezza.
2:04 of 2nd period - Shot Misses the Net.
2:21 of 2nd period - Icing by Jason Spezza.
2:22 of 2nd period - Jason Spezza wins face-off versus Eetu Luostarinen in SAN FRANCISCO SPIDERS zone.
3:58 of 2nd period - Shot by Miles Wood.
3:58 of 2nd period - Shot Blocked by Tyler Myers.
4:04 of 2nd period - Michael Anderson is hit by Jake Virtanen and loses puck.
4:12 of 2nd period - Off-side.
4:13 of 2nd period - Calle Jarnkrok wins face-off versus Taylor Raddysh in neutral zone.
4:35 of 2nd period - Eeli Tolvanen is hit by Johnathan Kovacevic.
4:43 of 2nd period - Shot by Mason Marchment.
4:43 of 2nd period - Shot Misses the Net.
4:50 of 2nd period - Mason Marchment is hit by Johnathan Kovacevic and loses puck.
5:04 of 2nd period - Mason Marchment is hit by Johnathan Kovacevic and loses puck.
5:13 of 2nd period - Sean Walker is hit by Taylor Raddysh and loses puck.
5:25 of 2nd period - Mason Marchment is hit by Gabriel Carlsson.
5:35 of 2nd period - Michael Anderson is hit by Jonas Rondbjerg and loses puck.
6:14 of 2nd period - Icing by Tyler Myers.
6:15 of 2nd period - Connor Bunnaman wins face-off versus Viktor Arvidsson in SAN FRANCISCO SPIDERS zone.
7:42 of 2nd period - Icing by Jason Spezza.
7:43 of 2nd period - Jason Spezza wins face-off versus Ryan Poehling in SAN FRANCISCO SPIDERS zone.
7:43 of 2nd period - Jason Spezza is hit by Taylor Raddysh.
8:10 of 2nd period - Sean Walker is hit by Taylor Raddysh and loses puck.
8:58 of 2nd period - Shot by Andrei Svechnikov.
8:58 of 2nd period - Shot Misses the Net.
9:00 of 2nd period - Shot by Viktor Arvidsson.
9:00 of 2nd period - Deflect By Andrei Svechnikov.
9:00 of 2nd period - Shot Misses the Net.
9:02 of 2nd period - Shot by Andrei Svechnikov.
9:02 of 2nd period - Stopped by Mikko Koskinen without a rebound.
9:03 of 2nd period - Connor Bunnaman wins face-off versus Calle Jarnkrok in TEXAS TOROS zone.
10:19 of 2nd period - Shot by Jason Zucker.
10:19 of 2nd period - Stopped by Igor Shesterkin with a rebound.
11:09 of 2nd period - Shot by Jason Spezza.
11:09 of 2nd period - Stopped by Mikko Koskinen with a rebound.
11:44 of 2nd period - Shot by Milan Lucic.
11:44 of 2nd period - Stopped by Mikko Koskinen without a rebound.
11:45 of 2nd period - Connor Bunnaman wins face-off versus Calle Jarnkrok in TEXAS TOROS zone.
11:45 of 2nd period - Connor Bunnaman is hit by Eeli Tolvanen.
12:03 of 2nd period - Shot by Calle Jarnkrok.
12:03 of 2nd period - Shot Blocked by Vince Dunn.
12:05 of 2nd period - Shot by Mason Marchment.
12:05 of 2nd period - Stopped by Mikko Koskinen with a rebound.
12:07 of 2nd period - Shot by Mason Marchment.
12:07 of 2nd period - Shot Hit the Post.
12:16 of 2nd period - Calle Jarnkrok is hit by Vince Dunn and loses puck.
12:47 of 2nd period - Shot by Wade Allison.
12:47 of 2nd period - Shot Blocked by Tyler Myers.
12:56 of 2nd period - Icing by Tyler Myers.
12:57 of 2nd period - Bo Horvat wins face-off versus Ryan Poehling in SAN FRANCISCO SPIDERS zone.
13:26 of 2nd period - Shot by Taylor Raddysh.
13:26 of 2nd period - Shot Blocked by Michael Anderson.
13:41 of 2nd period - Icing by Taro Hirose.
13:42 of 2nd period - Ryan Poehling wins face-off versus Jason Spezza in TEXAS TOROS zone.
14:12 of 2nd period - Icing by Wade Allison.
14:13 of 2nd period - Eetu Luostarinen wins face-off versus Mason Marchment in TEXAS TOROS zone.
14:13 of 2nd period - Eetu Luostarinen is hit by Mason Marchment.
15:57 of 2nd period - Minor Penalty to Tyler Myers for High sticking.
15:58 of 2nd period - Kirby Dach wins face-off versus Connor Bunnaman in SAN FRANCISCO SPIDERS zone.
16:10 of 2nd period - Off-side.
16:11 of 2nd period - Kirby Dach wins face-off versus Eetu Luostarinen in neutral zone.
17:23 of 2nd period - Icing by Vince Dunn.
17:24 of 2nd period - Connor Bunnaman wins face-off versus Kirby Dach in TEXAS TOROS zone.
17:31 of 2nd period - Shot by Tyson Barrie.
17:31 of 2nd period - Stopped by Igor Shesterkin without a rebound.
17:32 of 2nd period - Connor Bunnaman wins face-off versus Viktor Arvidsson in SAN FRANCISCO SPIDERS zone.
17:56 of 2nd period - Icing by Miles Wood.
17:57 of 2nd period - Nico Sturm wins face-off versus Taro Hirose in TEXAS TOROS zone.
18:28 of 2nd period - Shot by Milan Lucic.
18:28 of 2nd period - Deflect By Danton Heinen.
18:28 of 2nd period - Shot Misses the Net.
18:30 of 2nd period - Shot by Danton Heinen.
18:30 of 2nd period - Shot Misses the Net.
18:32 of 2nd period - Shot by Jordan Oesterle.
18:32 of 2nd period - Shot Misses the Net.
18:50 of 2nd period - Shot by Calle Jarnkrok.
18:50 of 2nd period - Shot Misses the Net.
19:32 of 2nd period - Icing by Madison Bowey.
19:33 of 2nd period - Ryan Poehling wins face-off versus Jason Spezza in TEXAS TOROS zone.
19:33 of 2nd period - Ryan Poehling is hit by Alexander Kerfoot.
Goals for this period are 0 for SAN FRANCISCO SPIDERS vs 0 for TEXAS TOROS.
Shots for this period are 4 for SAN FRANCISCO SPIDERS vs 2 for TEXAS TOROS.

3rd period


0:01 of 3rd period - Eetu Luostarinen wins face-off versus Bo Horvat in neutral zone.
0:01 of 3rd period - Eetu Luostarinen is hit by Bo Horvat.
0:23 of 3rd period - Shot by Andrei Svechnikov.
0:23 of 3rd period - Shot Blocked by Vince Dunn.
0:25 of 3rd period - Shot by Viktor Arvidsson.
0:25 of 3rd period - Stopped by Mikko Koskinen without a rebound.
0:26 of 3rd period - Connor Bunnaman wins face-off versus Calle Jarnkrok in TEXAS TOROS zone.
0:26 of 3rd period - Connor Bunnaman is hit by Mason Marchment.
0:54 of 3rd period - Shot by Jake Virtanen.
0:54 of 3rd period - Shot Blocked by Darnell Nurse.
0:56 of 3rd period - Shot by Connor Bunnaman.
0:56 of 3rd period - Shot Misses the Net.
1:00 of 3rd period - Shot by Miles Wood.
1:00 of 3rd period - Stopped by Igor Shesterkin with a rebound.
1:17 of 3rd period - Icing by Darnell Nurse.
1:18 of 3rd period - Calle Jarnkrok wins face-off versus Eetu Luostarinen in SAN FRANCISCO SPIDERS zone.
1:46 of 3rd period - Icing by Michael Anderson.
1:47 of 3rd period - Ryan Poehling wins face-off versus Jason Spezza in SAN FRANCISCO SPIDERS zone.
1:59 of 3rd period - Off-side.
2:00 of 3rd period - Dylan McLaughlin wins face-off versus Bo Horvat in neutral zone.
2:10 of 3rd period - Minor Penalty to Samuel Asselin for Holding.
2:11 of 3rd period - Jason Zucker wins face-off versus Bo Horvat in TEXAS TOROS zone.
2:34 of 3rd period - Shot by Viktor Arvidsson.
2:34 of 3rd period - Shot Misses the Net.
2:40 of 3rd period - Shot by Bo Horvat.
2:40 of 3rd period - Stopped by Mikko Koskinen with a rebound.
2:42 of 3rd period - Shot by Viktor Arvidsson.
2:42 of 3rd period - Shot Blocked by Dante Fabbro.
2:44 of 3rd period - Shot by Andrei Svechnikov.
2:44 of 3rd period - Stopped by Mikko Koskinen without a rebound.
2:45 of 3rd period - Calle Jarnkrok wins face-off versus Jason Zucker in TEXAS TOROS zone.
3:06 of 3rd period - Icing by Shea Weber.
3:07 of 3rd period - Eetu Luostarinen wins face-off versus Calle Jarnkrok in SAN FRANCISCO SPIDERS zone.
4:21 of 3rd period - Mason Marchment is hit by Madison Bowey.
4:25 of 3rd period - Shot by Eeli Tolvanen.
4:25 of 3rd period - Deflect By Mason Marchment.
4:25 of 3rd period - Stopped by Mikko Koskinen with a rebound.
4:37 of 3rd period - Shot by Eeli Tolvanen.
4:37 of 3rd period - Goal by Eeli Tolvanen - SAN FRANCISCO SPIDERS : 2 - TEXAS TOROS : 1.
4:38 of 3rd period - Bo Horvat wins face-off versus Connor Bunnaman in neutral zone.
5:31 of 3rd period - Icing by Dante Fabbro.
5:32 of 3rd period - Jason Spezza wins face-off versus Eetu Luostarinen in TEXAS TOROS zone.
5:33 of 3rd period - Shot by Kirby Dach.
5:33 of 3rd period - Stopped by Mikko Koskinen without a rebound.
5:34 of 3rd period - Jason Spezza wins face-off versus Eetu Luostarinen in TEXAS TOROS zone.
5:50 of 3rd period - Icing by Tyler Myers.
5:51 of 3rd period - Jason Spezza wins face-off versus Ryan Poehling in SAN FRANCISCO SPIDERS zone.
5:57 of 3rd period - Icing by Alexander Kerfoot.
5:58 of 3rd period - Jason Spezza wins face-off versus Wade Allison in SAN FRANCISCO SPIDERS zone.
5:58 of 3rd period - Kirby Dach is hit by Wade Allison and loses puck.
6:30 of 3rd period - Icing by Dante Fabbro.
6:31 of 3rd period - Bo Horvat wins face-off versus Eetu Luostarinen in TEXAS TOROS zone.
6:31 of 3rd period - Bo Horvat is hit by Dante Fabbro.
6:45 of 3rd period - Shot by Andrei Svechnikov.
6:45 of 3rd period - Stopped by Mikko Koskinen without a rebound.
6:46 of 3rd period - Connor Bunnaman wins face-off versus Calle Jarnkrok in TEXAS TOROS zone.
7:02 of 3rd period - Tyson Barrie is hit by Mason Marchment and loses puck.
8:07 of 3rd period - Shot by Bo Horvat.
8:07 of 3rd period - Shot Misses the Net.
8:09 of 3rd period - Shot by Andrei Svechnikov.
8:09 of 3rd period - Shot Misses the Net.
8:11 of 3rd period - Shot by Viktor Arvidsson.
8:11 of 3rd period - Shot Misses the Net.
8:13 of 3rd period - Shot by Andrei Svechnikov.
8:13 of 3rd period - Shot Misses the Net.
9:53 of 3rd period - Shot by Miles Wood.
9:53 of 3rd period - Shot Blocked by Shea Weber.
10:56 of 3rd period - Shot by Andrei Svechnikov.
10:56 of 3rd period - Stopped by Mikko Koskinen with a rebound.
11:07 of 3rd period - Icing by Dante Fabbro.
11:08 of 3rd period - Dylan McLaughlin wins face-off versus Mason Marchment in TEXAS TOROS zone.
11:35 of 3rd period - Icing by Gabriel Carlsson.
11:36 of 3rd period - Jason Spezza wins face-off versus Dylan McLaughlin in TEXAS TOROS zone.
11:41 of 3rd period - Icing by Dante Fabbro.
11:42 of 3rd period - Andrei Svechnikov wins face-off versus Dylan McLaughlin in TEXAS TOROS zone.
11:45 of 3rd period - Shot by Bo Horvat.
11:45 of 3rd period - Shot Hit the Post.
12:06 of 3rd period - Tyson Barrie is hit by Viktor Arvidsson and loses puck.
12:11 of 3rd period - Shot by Bo Horvat.
12:11 of 3rd period - Shot Misses the Net.
12:13 of 3rd period - Shot by Viktor Arvidsson.
12:13 of 3rd period - Shot Misses the Net.
12:15 of 3rd period - Shot by Tyler Myers.
12:15 of 3rd period - Shot Misses the Net.
12:50 of 3rd period - Jake Virtanen is hit by Darnell Nurse and loses puck.
12:55 of 3rd period - Shot by Connor Bunnaman.
12:55 of 3rd period - Stopped by Igor Shesterkin without a rebound.
12:56 of 3rd period - Jason Spezza wins face-off versus Ryan Poehling in SAN FRANCISCO SPIDERS zone.
13:14 of 3rd period - Shot by Jason Spezza.
13:14 of 3rd period - Shot Blocked by Taro Hirose.
13:27 of 3rd period - Shot by Kirby Dach.
13:27 of 3rd period - Goal by Kirby Dach - SAN FRANCISCO SPIDERS : 3 - TEXAS TOROS : 1.
13:28 of 3rd period - Connor Bunnaman wins face-off versus Calle Jarnkrok in neutral zone.
13:36 of 3rd period - Minor Penalty to Jake Virtanen for Interference.
13:37 of 3rd period - Bo Horvat wins face-off versus Jason Zucker in TEXAS TOROS zone.
13:48 of 3rd period - Shot by Bo Horvat.
13:48 of 3rd period - Shot Blocked by Tyson Barrie.
13:50 of 3rd period - Shot by Viktor Arvidsson.
13:50 of 3rd period - Deflect By Bo Horvat.
13:50 of 3rd period - Shot Misses the Net.
13:52 of 3rd period - Shot by Andrei Svechnikov.
13:52 of 3rd period - Stopped by Mikko Koskinen without a rebound.
13:53 of 3rd period - Jason Zucker wins face-off versus Calle Jarnkrok in TEXAS TOROS zone.
14:23 of 3rd period - Shot by Darnell Nurse.
14:23 of 3rd period - Stopped by Mikko Koskinen with a rebound.
14:25 of 3rd period - Shot by Darnell Nurse.
14:25 of 3rd period - Stopped by Mikko Koskinen with a rebound.
14:27 of 3rd period - Shot by Calle Jarnkrok.
14:27 of 3rd period - Shot Misses the Net.
14:58 of 3rd period - Tyler Myers is hit by Wade Allison and loses puck.
15:35 of 3rd period - Shot by Andrei Svechnikov.
15:35 of 3rd period - Stopped by Mikko Koskinen without a rebound.
15:36 of 3rd period - Ryan Poehling wins face-off versus Mason Marchment in TEXAS TOROS zone.
15:59 of 3rd period - Shot by Eeli Tolvanen.
15:59 of 3rd period - Stopped by Mikko Koskinen without a rebound.
16:00 of 3rd period - Dylan McLaughlin wins face-off versus Nico Sturm in TEXAS TOROS zone.
16:00 of 3rd period - Dylan McLaughlin is hit by Milan Lucic.
16:25 of 3rd period - Shot by Danton Heinen.
16:25 of 3rd period - Shot Misses the Net.
16:33 of 3rd period - Shot by Danton Heinen.
16:33 of 3rd period - Shot Misses the Net.
16:35 of 3rd period - Shot by Darnell Nurse.
16:35 of 3rd period - Shot Misses the Net.
16:54 of 3rd period - Off-side.
16:55 of 3rd period - Jake Virtanen wins face-off versus Jason Spezza in neutral zone.
18:01 of 3rd period - Shot by Eetu Luostarinen.
18:01 of 3rd period - Shot Misses the Net.
19:10 of 3rd period - Shot by Andrei Svechnikov.
19:10 of 3rd period - Stopped by Mikko Koskinen without a rebound.
19:11 of 3rd period - Samuel Asselin wins face-off versus Nico Sturm in TEXAS TOROS zone.
19:20 of 3rd period - Shot by Nico Sturm.
19:20 of 3rd period - Stopped by Mikko Koskinen without a rebound.
19:21 of 3rd period - Connor Bunnaman wins face-off versus Jason Spezza in TEXAS TOROS zone.
19:26 of 3rd period - Darnell Nurse is hit by Jake Virtanen and loses puck.
19:43 of 3rd period - Shot by Jason Spezza.
19:43 of 3rd period - Shot Blocked by Tyson Barrie.
Goals for this period are 2 for SAN FRANCISCO SPIDERS vs 0 for TEXAS TOROS.
Shots for this period are 16 for SAN FRANCISCO SPIDERS vs 2 for TEXAS TOROS.


SCOTT
LAUGHTON
IGOR
SHESTERKIN
ALEX
TUCH

EAST COAST

HOCKEY LEAGUE

  • 9.CHI2QUE6
  • 10.LIM2CHA3
  • 11.LON6TRV4
  • 12.BAL3CHW2
  • 13.MANPIT
  • 14.NHWATL
  • 15.PETWOR
  • 16.RHI